 Dungeon Crawl Stone Soup version 0.25-a0-474-ga8a2ee3166 (webtiles) character file.

Game seed: 11593199375998523980, levelgen mode: deterministic

8 BeastOfSaturn the Skirmisher (level 2, 0/24 HPs)
             Began as a Demonspawn Abyssal Knight on Feb 8, 2020.
             Was an Initiate of Lugonu.
             Slain by a goblin
             ... wielding a +0 club
              (4 damage)
             ... on level 1 of the Dungeon.
             The game lasted 00:01:13 (100 turns).

BeastOfSaturn the Skirmisher (DsAK)                  Turns: 100, Time: 00:01:14

Health: 0/24       AC:  3    Str: 12    XL:     2   Next: 0%
Magic:  3/3        EV: 11    Int: 13    God:    Lugonu [......]
Gold:   12         SH:  0    Dex: 12    Spells: 1/1 levels left

rFire    . . .     SeeInvis .   a - +1 falchion
rCold    . . .     Gourm    .   (no shield)
rNeg     . . .     Faith    .   b - +0 leather armour
rPois    .         Spirit   .   (no helmet)
rElec    .         Reflect  .   (no cloak)
rCorr    .         Harm     .   (no gloves)
MR       .....                  (no boots)
Stlth    ++........             (no amulet)
HPRegen  0.08/turn              (no ring)
MPRegen  0.08/turn              (no ring)

@: no status effects
A: nightstalker 1
a: Renounce Religion


You were on level 1 of the Dungeon.
You worshipped Lugonu.
Lugonu was noncommittal.
You were not hungry.

You visited 1 branch of the dungeon, and saw 1 of its levels.
You visited the Abyss 1 time.

You collected 12 gold pieces.

Inventory:

Hand Weapons
 a - a +1 falchion (weapon)
Armour
 b - a +0 leather armour (worn)
Scrolls
 e - a scroll of amnesia {unknown}
 f - a scroll of remove curse {unknown}
Comestibles
 c - a ration
 d - a chunk of flesh


   Skills:
 + Level 3.2 Fighting
 * Level 2.1 Long Blades
 * Level 1.9 Armour
 + Level 0.8 Dodging
 + Level 2.4 Invocations


You had one spell level left.
You didn't know any spells.
Your spell library was empty.

Dungeon Overview and Level Annotations

Branches:
Dungeon (1/15)

Altars:


Innate Abilities, Weirdness & Mutations

You are slightly more attuned to the shadows.


Message History

The kobold hits you with a +0 short sword.
You miss the kobold. The kobold closely misses you.
You closely miss the kobold. The kobold hits you but does no damage.
You closely miss the kobold.
The kobold hits you with a +0 short sword.
* * * LOW HITPOINT WARNING * * *
The kobold throws a stone.
The stone hits you.
* * * LOW HITPOINT WARNING * * *
You see here a stone.
You see here a cursed +0 club.
There is an open door here.
You see here a frilled lizard skeleton.
You hit the kobold.
You kill the kobold!
Lugonu accepts your kill.
You have reached level 2!
Your demonic ancestry asserts itself...
You slip into the darkness of the dungeon.
You barely miss the goblin. The goblin hits you with a +0 club.
You die...

≈ #≈≈#§§#§§#§§#
#≈§§≈≈#..#≈≈≈§§# .......
#≈§≈§≈§..≈≈§≈≈≈# ......
#§§≈≈≈..≈≈≈≈≈# ....
#§§§#≈..≈#≈§≈# ...
#≈§≈≈.§§§≈≈## #.#####+###
###§≈.§§§###
####.#.......#######§§###
.....#.........g@.....#
....)'...÷...##########
..(.)#..)....#
.....#.......#
.....#.......#
)....#.......#
.....#.......#
######.......# #########


You could see a goblin.

Vanquished Creatures
  A bat (D:1)
  2 hobgoblins (D:1)
  3 kobolds (D:1)
  A frilled lizard (D:1)
7 creatures vanquished.

Notes
Turn   | Place    | Note
-------+----------+-------------------------------------------
     0 | Abyss:1  | BeastOfSaturn the Demonspawn Abyssal Knight began the quest
                  | for the Orb.
     0 | Abyss:1  | Reached XP level 1. HP: 18/18 MP: 2/2
     4 | D:1      | Escaped the Abyss
    98 | D:1      | Gained mutation: You are slightly more attuned to the
                  | shadows. [demonic ancestry]
    98 | D:1      | Reached XP level 2. HP: 4/24 MP: 3/3
   100 | D:1      | Slain by a goblin

Levels and vault maps discovered:
D:1:      lightli_molten_gateway, layout_basic

Skill      XL: |  1 |
---------------+----+-----
Long Blades    | 2 |  2.1
Fighting       | |  3.2
Armour         | |  1.9
Dodging        | |  0.8
Invocations    | |  2.4

Action                   || total
-------------------------++-------
Melee: Falchion          ||    21
Invok: Depart the Abyss  ||     1
Armor: Leather armour    ||     3
Dodge: Dodged            ||     7
       Rpst.: Falchion   ||     1

Table legend:
 A = Non-vault XP
 B = Vault XP
 C = Vault XP percentage of total XP
 D = Non-vault monster count
 E = Vault monster count
 F = Vault count percentage of total count
                 A         B        C        D         E       F
            +---------+---------+-------+---------+---------+-------
      Total |      12 |       0 |   0.0 |       7 |       0 |   0.0
            +---------+---------+-------+---------+---------+-------
        D:1 |      12 |       0 |   0.0 |       7 |       0 |   0.0
            +---------+---------+-------+---------+---------+-------
